 Dungeon Crawl Stone Soup version 0.17-a0-1849-g8a24fa2 (webtiles) character file.

273 Ololoev the Ducker (level 6, 0/32 HPs)
             Began as a Spriggan Abyssal Knight on Sept 18, 2015.
             Was a Follower of Lugonu.
             Succumbed to a green death's bolt of poison
             ... on level 3 of the Abyss.
             The game lasted 00:03:36 (444 turns).

Ololoev the Ducker (Spriggan Abyssal Knight)         Turns: 444, Time: 00:03:36

Health: 0/32       AC:  3    Str:  8    XL:     6   Next: 2%
Magic:  6/9        EV: 21    Int: 14    God:    Lugonu [*.....]
Gold:   95         SH:  0    Dex: 17    Spells: 0 memorised, 5 levels left

rFire  . . .     SeeInvis +     a - +1 spear
rCold  . . .     Clarity  .     b - +1 robe
rNeg   . . .     SustAt   .     (shield restricted)
rPois  .         Gourm    .     (helmet restricted)
rElec  .         Spirit   .     (no cloak)
rCorr  .         Warding  .     (gloves unavailable)
rMut   .         Stasis   .     (boots unavailable)
MR     +....                    (no amulet)
Stlth  ++........               (no ring)
                                (no ring)

@: lethally poisoned (0 -> -20), very quick, somewhat resistant to hostile
enchantments, unstealthy
A: unfitting armour, see invisible, herbivore 3, speed 3, slow metabolism 2
a: Depart the Abyss, Renounce Religion


Innate Abilities, Weirdness & Mutations

You are tiny and cannot use many weapons and most armour.
You have supernaturally acute eyesight.
You are a herbivore.
You cover ground extremely quickly.
You need consume almost no food.

Inventory:

Hand weapons
 a - a +1 spear (weapon)
Armour
 b - a +1 robe (worn)
Scrolls
 f - a scroll of teleportation {unknown}
Miscellaneous
 e - a fan of gales (inert)
 g - a sack of spiders {used: 5}
Comestibles
 c - a bread ration


   Skills:
 - Level 3.1 Fighting
 * Level 3.1 Polearms
 + Level 5.6 Dodging
 - Level 2.0 Invocations
 + Level 3.1 Evocations


You had 5 spell levels left.
You didn't know any spells.


You were on level 3 of the Abyss.
You worshipped Lugonu.
Lugonu was aware of your devotion.
You were not hungry.

You visited 0 branches of the dungeon, and saw 0 of its levels.
You visited the Abyss 1 time.

You collected 95 gold pieces.

#.. . .. .# ...
..... ...#.. .#.#.#
. .....# ..#..## #.
.##.#.. #...x..#
......#...#.#.#..##
.#..###...#..2......
...#.....#.@#...#
........s....# .
........E#s.#...#
...........#..### .
.#.......#.#...
..###...###..#####
...#.........#
.........##..# #.
...........##.#

Notes
Turn   | Place    | Note
--------------------------------------------------------------
     0 | Abyss:1  | Ololoev the Spriggan Abyssal Knight began the quest for the Orb.
     0 | Abyss:1  | Reached XP level 1. HP: 11/11 MP: 3/3
    52 | Abyss:2  | Noticed a starcursed mass
   147 | Abyss:2  | Noticed a small abomination
   224 | Abyss:3  | Noticed a large abomination
   233 | Abyss:3  | Killed a large abomination
   233 | Abyss:3  | Reached skill level 4 in Dodging
   233 | Abyss:3  | Reached XP level 2. HP: 14/16 MP: 4/4
   233 | Abyss:3  | Reached XP level 3. HP: 17/20 MP: 5/5
   247 | Abyss:3  | Noticed a large abomination
   256 | Abyss:3  | Noticed a neqoxec
   342 | Abyss:3  | Noticed a golden eye
   350 | Abyss:3  | Killed a golden eye
   350 | Abyss:3  | Reached skill level 1 in Evocations
   350 | Abyss:3  | Reached XP level 4. HP: 24/24 MP: 6/6
   366 | Abyss:3  | Noticed a ynoxinul
   384 | Abyss:3  | Noticed a tentacled starspawn
   385 | Abyss:3  | Noticed a flying skull
   390 | Abyss:3  | Noticed a smoke demon
   401 | Abyss:3  | Noticed a bone dragon
   430 | Abyss:3  | Noticed a sixfirhy
   442 | Abyss:3  | Noticed a green death
   442 | Abyss:3  | Noticed a small abomination
   443 | Abyss:3  | HP: 1/24 [poisoned by a green death (bolt of poison)]
   443 | Abyss:3  | Killed a sixfirhy
   443 | Abyss:3  | Reached skill level 5 in Dodging
   443 | Abyss:3  | Reached XP level 5. HP: 1/28 MP: 6/8
   443 | Abyss:3  | Reached XP level 6. HP: 1/32 MP: 6/9
   444 | Abyss:3  | Succumbed to a green death's bolt of poison

Dungeon Overview and Level Annotations

Branches:
Dungeon (0/15)

Altars:


Message History

Aim: a sixfirhy (lightly wounded) Attack!
You hear a roar! x2
The sixfirhy barely misses your spider. The sixfirhy hits your spider!
Your spider dies!
Your spider's corpse disappears in a puff of smoke!
Your air elemental hits the sixfirhy!
The sixfirhy hits you. The sixfirhy shocks you!
Evoke which item? (* to show all) (? for menu, Esc to quit)
You reach into the bag... ...and things crawl out!
The sixfirhy closely misses you.
Your air elemental completely misses the sixfirhy.
Your air elemental barely misses the sixfirhy.
Your air elemental hits the sixfirhy!
Your air elemental misses the sixfirhy.
You swap places.
A green death and a small abomination come into view.
The green death roars!
Your air elemental hits the sixfirhy!
The small abomination moves out of view.
The green death gestures at you. The bolt of poison hits you!
You are lethally poisoned!
Unknown command.
You feel sick.
Your spider barely misses the sixfirhy.
Your air elemental hits the sixfirhy!
The sixfirhy dies!
Your Polearms skill increases to level 3!
Your Dodging skill increases to level 5!
Your Evocations skill gained 2 levels and is now at level 3!
You have reached level 5!
You feel clever.
You have reached level 6!
Your experience leads to an increase in your attributes!
Increase (S)trength, (I)ntelligence, or (D)exterity?
You feel agile.
You aren't carrying any potions.
Read which item? (? for menu, Esc to quit)
As you read the scroll labeled JUDGHU ICER, it crumbles to dust.
You feel forgetful for a moment.
It was a scroll of amnesia.
You die...

You could see a green death, a small abomination, a friendly air elemental and 2 friendly spiders.

Vanquished Creatures (collateral kills)
  A sixfirhy (Abyss:3)
  A golden eye (Abyss:3)
  A large abomination (Abyss:3)
3 creatures vanquished.

Vanquished Creatures (others)
  2 starspawn tentacles (Abyss:3)
2 creatures vanquished.

Grand Total: 5 creatures vanquished

Action                   |  1- 3 |  4- 6 || total
-------------------------+-------+-------++-------
Melee: Spear             |     5 |       ||     5
Evoke: Fan of gales      |     1 |     1 ||     2
       Sack of spiders   |     3 |     4 ||     7
  Use: Scroll            |     1 |     1 ||     2

Vault maps used:
Abyss:3:  nicolae_abyss_rune_more_like_crabyss, minivault_28
